AoeStats
← 止春山

Arena

509788365Analyzed
2v2 RM · 4d ago on Sep 28, 2026· 71m 59s· 4 players
Game mode
Random Map
Map size
Medium (4 player)
Population
200
Speed
Normal
Resources
Standard
Victory
Conquest
Starting age
Dark Age
Ending age
Imperial Age
RankedLock teamsTeams togetherTeam positionsShared explorationLock speedFull tech treeHidden civsTurbo modeCheats
Victory
Defeat
🇲🇽 Bulgarians · Mexico
645
+13
🇨🇳 Inca · China
617
+14
🇧🇷 Danes · Brazil
580
-14
🇧🇷 Franks · Brazil
574
-13
Jotape
7:37 Loom
12:37 Feudal Age
14:09 Double-Bit Axe
17:31 Wheelbarrow
17:18 Fletching
19:09 Town Watch
19:53 Gold Mining
26:30 Castle Age
26:09 Stone Mining
28:09 Husbandry
28:15 Bodkin Arrow
28:57 Scale Barding Armor
28:53 Scale Mail Armor
29:37 Bow Saw
32:04 Chain Barding Armor
32:26 Gold Shaft Mining
33:03 Chain Mail Armor
33:45 Forging
33:35 Murder Holes
34:11 Caravan
34:27 Town Patrol
34:45 Treadmill Crane
36:55 Iron Casting
40:46 Imperial Age
38:57 Ballistics
39:17 Padded Archer Armor
39:51 Hand Cart
40:25 Fortified Wall
41:12 Masonry
41:04 Cavalier
43:33 Chemistry
44:58 Plate Barding Armor
44:44 Siege Engineers
44:36 Arrowslits
45:41 Conscription
47:02 Architecture
47:29 Plate Mail Armor
48:36 Paladin
_IMPERUS
0:50 Loom
11:51 Feudal Age
13:16 Town Watch
13:59 Horse Collar
14:13 Double-Bit Axe
15:12 Man-at-Arms
19:12 Wheelbarrow
21:16 Castle Age
20:41 Horse Collar
21:38 Fletching
22:58 Bow Saw
23:15 Gold Mining
24:46 Heavy Plow
26:58 Bodkin Arrow
27:50 Stone Mining
30:35 Hand Cart
30:28 Scale Mail Armor
30:35 Squires
29:56 Pikeman
30:22 Arson
30:23 Gambesons
30:48 Thumb Ring
32:03 Stone Shaft Mining
33:24 Padded Archer Armor
33:06 Long Swordsman
34:41 Ballistics
35:03 Chain Mail Armor
34:17 Crossbowman
36:14 Leather Archer Armor
37:09 Husbandry
36:48 Hamask
42:51 Imperial Age
39:51 Elite Skirmisher
42:00 Forging
42:00 Town Patrol
43:00 Elite Jomsviking
44:36 Conscription
46:02 Hoardings
48:10 Chemistry
47:03 Guard Tower
49:19 Masonry
52:49 Redemption
52:48 Scale Barding Armor
52:08 Northmen's Fury
56:17 Halberdier
58:08 Two-Handed Swordsman
60:34 Bracer
61:28 Heated Shot
61:35 Murder Holes
62:01 Onager
62:22 Light Cavalry
63:40 Elite Varangian Guard
abe.anderman
1:12 Loom
10:54 Feudal Age
13:11 Horse Collar
15:06 Wheelbarrow
20:50 Gold Mining
23:33 Castle Age
24:18 Double-Bit Axe
25:56 Heavy Plow
29:08 Gold Shaft Mining
28:27 Stone Mining
31:24 Bloodlines
31:15 Husbandry
31:43 Caravan
31:53 Caravan
31:57 Gambesons
32:12 Squires
31:57 Arson
34:20 Hand Cart
35:01 Murder Holes
35:33 Bow Saw
35:54 Forging
35:44 Scale Mail Armor
37:27 Stone Shaft Mining
40:07 Imperial Age
38:35 Pikeman
42:32 Iron Casting
42:12 Chain Mail Armor
42:03 Scale Barding Armor
41:34 Capped Ram
42:59 Siege Ram
43:44 Bagains
47:47 Blast Furnace
47:02 Chain Mail Armor
53:29 Chemistry
59:12 Plate Mail Armor
59:02 Chain Barding Armor
59:17 Crop Rotation
60:38 Masonry
60:40 Siege Engineers
61:30 Town Watch
64:59 Plate Barding Armor
69:56 Elite Konnik
70:32 Stirrups
70:59 Conscription
止春山
11:44 Feudal Age
14:10 Champi Runner
16:02 Wheelbarrow
15:09 Horse Collar
15:17 Double-Bit Axe
23:38 Castle Age
22:11 Arson
23:55 Champi Warrior
24:38 Squires
23:59 Pikeman
25:38 Hand Cart
25:25 Heavy Plow
25:37 Bow Saw
25:22 Gold Mining
27:04 Gold Shaft Mining
27:07 Andean Sling
34:44 Imperial Age
35:32 Ballistics
35:14 Stone Mining
41:36 Chemistry
41:29 Halberdier
47:15 Crop Rotation
53:31 Elite Kamayuk
54:15 Fabric Shields
54:37 Conscription
64:13 Scale Mail Armor
64:24 Forging
65:01 Stone Shaft Mining
Connection lost

Rejoining the realm…

Still unreachable

The connection could not be restored.

Session expired

The server has moved on; the page needs a fresh start.